 Dungeon Crawl Stone Soup version 0.28.0-45-g0d030f2227 (webtiles) character file.

Game seed: 14957571651530076922

4216 Fartwhistle the Transmogrifier (level 10, -3/109 HPs)
             Began as a Naga Transmuter on Apr 15, 2022.
             Was an Initiate of Cheibriados.
             Slain by a death yak (25 damage)
             ... on level 9 of the Dungeon.
             The game lasted 00:41:08 (16186 turns).

Fartwhistle the Transmogrifier (Naga Transmuter)   Turns: 16186, Time: 00:41:08

Health: -3/109     AC:  7    Str: 13    XL:     10   Next: 30%
Magic:  0/18       EV: 10    Int: 20    God:    Cheibriados [......]
Gold:   402        SH:  0    Dex: 12    Spells: 6/20 levels left

rFire   x . .      SeeInvis +     - Unarmed
rCold   + + +      Faith    .   (shield currently unavailable)
rNeg    . . .      Spirit   +   (armour currently unavailable)
rPois   +          Reflect  .   (helmet currently unavailable)
rElec   .          Harm     .   (cloak currently unavailable)
rCorr   .          Rampage  .   (gloves currently unavailable)
Will    +....                   (no barding)
Stlth   +.........              b - amulet of guardian spirit
HPRegen 0.28/turn               (no ring)
MPRegen 0.16/turn               (no ring)

@: ice-form, very slow
A: freezing attack, amphibious, boosted hp, AC +3, large, see invisible,
(deformed body), (poison resistance), (slowness 2), spit poison 1, (naga tail 1)
a: Spit Poison, End Transformation, Renounce Religion


You were on level 9 of the Dungeon.
You worshipped Cheibriados.
Cheibriados was noncommittal.
You were a creature of crystalline ice.
You visited 2 branches of the dungeon, and saw 10 of its levels.
You also visited: Sewer.

You collected 402 gold pieces.

Inventory:

Missiles
 x - 2 throwing nets
Armour
 a - a +0 robe
 j - +0 steam dragon scales
 l - a +0 pair of gloves
 u - a +0 buckler
 v - a +3 leather armour of poison resistance (melded)
 w - a +0 pair of gloves (melded)
Magical Staves
 t - a staff of earth
Jewellery
 b - an amulet of guardian spirit (around neck)
 m - a ring of ice
 G - the ring of Ariraamm {rC+ rN+++ Str-3 Int-4 Stlth+}
   (You found it on level 5 of the Dungeon)

   [ring of protection from cold]

   Str:       It affects your strength (-3).
   Int:       It affects your intelligence (-4).
   rC:        It protects you from cold.
   rN:        It renders you almost immune to negative energy.
   Stlth:     It makes you more stealthy.
 I - a ring of ice
Wands
 y - a wand of polymorph (29)
 K - a wand of charming (7)
Scrolls
 g - a scroll of brand weapon
 i - 4 scrolls of teleportation {unknown}
 k - a scroll of summoning {unknown}
 n - a scroll of holy word {unknown}
 z - 3 scrolls of enchant weapon
 A - a scroll of enchant armour {unknown}
 C - a scroll of fog {unknown}
 E - a scroll of silence {unknown}
 F - 2 scrolls of noise {unknown}
 J - 2 scrolls of immolation {unknown}
 L - 2 scrolls of identify
 M - a scroll of fear {unknown}
Potions
 c - 2 potions of brilliance
 d - a potion of invisibility
 e - 2 potions of degeneration {unknown}
 f - a potion of resistance
 h - 3 potions of attraction {unknown}
 o - a potion of haste
 p - 3 potions of mutation {unknown}
 q - a potion of magic
 r - 3 potions of heal wounds
 s - a potion of cancellation {unknown}
 B - 2 potions of curing {unknown}
 D - 2 potions of flight {unknown}
 H - a potion of berserk rage {unknown}


   Skills:
 - Level 6.1 Fighting
 - Level 1.0 Armour
 - Level 3.5 Dodging
 - Level 5.4 Unarmed Combat
 + Level 5.8 Spellcasting
 + Level 8.3 Transmutations
 - Level 1.0 Ice Magic
 - Level 2.2 Earth Magic
 * Level 6.9 Poison Magic


You had 6 spell levels left.
You knew the following spells:

 Your Spells              Type           Power      Damage    Failure   Level
a - Beastly Appendage     Tmut           78%        N/A       1%          1
b - Spider Form           Tmut/Pois      36%        N/A       1%          3
c - Poisonous Vapours     Pois/Air       38%        N/A       3%          2
d - Ice Form              Ice/Tmut       24%        N/A       16%         4
e - Olgreb's Toxic Radia  Pois           33%        N/A       6%          4

Your spell library contained the following spells:

 Spells                   Type           Power      Damage    Failure   Level
 Sting                    Tmut/Pois      100%       1d8       1%          1
 Wereblood                Tmut           39%        N/A       1%          2
 Animate Skeleton         Necr           10%        N/A       11%         1
 Apportation              Tloc           10%        N/A       11%         1
 Summon Small Mammal      Summ           20%        N/A       11%         1
 Petrify                  Tmut/Erth      26%        N/A       12%         4
 Corpse Rot               Necr/Air       10%        N/A       16%         2
 Statue Form              Tmut/Erth      17%        N/A       88%         6
 Metabolic Englaciation   Hex/Ice        3%         N/A       94%         5


Dungeon Overview and Level Annotations

Branches:
Dungeon (9/15)             Temple (1/1) D:4           Sewer (visited)
   Lair: D:8-11         Orc: D:9-12

Altars:
Ashenzari
Cheibriados
Dithmenos
Elyvilon
Fedhas
Gozag
Hepliaklqana
Kikubaaqudgha
Makhleb
Nemelex Xobeh
Okawaru
Qazlal
Ru
Sif Muna
Trog
Uskayaw
Vehumet
Wu Jian
Xom
Yredelemnul
Zin
The Shining One

Annotations:
D:4 exclusion: downstairs


Innate Abilities, Weirdness & Mutations

You are a creature of crystalline ice.
You have a powerful freezing melee attack.
You are amphibious.
Your maximum health is increased.
Your armour is entirely melded.
You are incapable of wielding weapons or throwing items.
((Your serpentine skin is tough. (AC +3)))
You have supernaturally acute eyesight. (SInv)
((Armour fits poorly on your strangely shaped body.))
((Your system is resistant to poisons. (rPois)))
((You cover ground very slowly.))
You can spit poison.
((You have a snake-like lower body.))


Message History

The death yak is moderately wounded.
Your toxic aura wanes.
The death yak gores you!
Casting: Olgreb's Toxic Radiance (dangerous; 6% risk of failure)
Confirm with . or Enter, or press ? or * to list all spells.
You begin to radiate toxic energy.
The river rat looks even sicker.
The death yak looks even sicker.
The river rat looks even sicker.
A rat comes into view.
The death yak gores you! The river rat barely misses you.
Unknown command.
You punch the death yak! You freeze the death yak.
The death yak is heavily wounded.
You kill the river rat!
Cheibriados appreciates the change of pace.
The rat is poisoned.
The death yak looks as sick as possible!
The death yak gores you!!
You hit the death yak but do no damage.
The death yak is heavily wounded.
Your toxic aura wanes.
The death yak barely misses you.
You hit the death yak. You freeze the death yak.
The death yak is heavily wounded.
You hit the death yak but do no damage.
The death yak is heavily wounded.
The death yak gores you!
You hit the death yak. You freeze the death yak.
The death yak is severely wounded.
The death yak gores you!
A wight comes into view. It is wielding a +2 battleaxe.
The rat looks more healthy.
The death yak gores you!
* * * LOW HITPOINT WARNING * * *
You punch the death yak! You freeze the death yak.
The death yak is almost dead.
The death yak gores you!!
* * * LOW HITPOINT WARNING * * *
You feel much better.
The rat twitches its whiskers.
The rat closely misses you. The death yak gores you!!
You die...

##...# #...#
#...# #..##
#..# #..#
###..#
#########....#
##...zYY......#
#....†r......##
#...##########
#.....# #..##.#
#.. .. #.# ...
#. .... #.
..Y..


You could see a death yak (very poisoned), a wight and a rat.

Vanquished Creatures
  A gargoyle (D:8)
  A wyvern (D:8)
  A steam dragon (D:8)
  Duvessa (D:6)
  2 water moccasins (D:6)
  3 black bears
  3 hornet zombies
  An ice beast (D:6)
  3 orc warriors (D:7)
  4 ogres
  2 centaurs
  A wyvern zombie (D:7)
  A gnoll sergeant (D:7)
  2 wyvern skeletons
  Dowan (D:6)
  9 wights (D:8)
  4 killer bees (D:5)
  2 howler monkeys
  A centaur zombie (D:5)
  4 orc priests
  3 jellies
  Ijyb (D:3)
  A bullfrog skeleton (D:7)
  A gnoll shaman (D:7)
  Jessica (D:2)
  Terence (D:3)
  2 iguanas
  7 orc wizards
  A hound skeleton (D:5)
  A howler monkey skeleton (D:7)
  5 adders
  22 gnolls
  5 river rats
  A shadow imp (D:5)
  A white imp (D:8)
  An ufetubus (D:6)
  5 worms
  A dart slug (D:5)
  21 orcs
  5 bats
  23 endoplasms
  2 giant cockroaches
  6 goblins
  7 hobgoblins
  3 jackals (D:2)
  6 quokkas
  8 ball pythons
  6 frilled lizards
  2 kobolds
  7 rats
203 creatures vanquished.

Notes
Turn   | Place    | Note
-------+----------+-------------------------------------------
     0 | D:1      | Fartwhistle the Naga Transmuter began the quest for the
                  | Orb.
     0 | D:1      | Reached XP level 1. HP: 18/18 MP: 3/3
   782 | D:1      | Reached XP level 2. HP: 25/25 MP: 5/5
   992 | D:1      | Reached skill level 3 in Transmutations
  1408 | D:1      | Reached XP level 3. HP: 25/31 MP: 6/6
  1501 | D:1      | Learned a level 3 spell: Spider Form
  2164 | D:2      | Learned a level 2 spell: Poisonous Vapours
  2262 | D:2      | Reached skill level 1 in Poison Magic
  2357 | D:2      | Noticed Jessica
  2363 | D:2      | Killed Jessica
  2364 | D:2      | Reached XP level 4. HP: 38/38 MP: 0/7
  2473 | D:2      | Found a blossoming altar of Fedhas.
  3413 | D:3      | Noticed Ijyb
  3435 | D:3      | Paralysed by Ijyb for 2 turns
  3445 | D:3      | Killed Ijyb
  3446 | D:3      | Reached skill level 4 in Transmutations
  3670 | D:3      | Found a glowing drain.
  3685 | D:3      | Reached XP level 5. HP: 38/44 MP: 1/8
  3755 | Sewer    | Entered a sewer
  4807 | Sewer    | Reached XP level 6. HP: 37/52 MP: 5/9
  4922 | Sewer    | Reached skill level 5 in Transmutations
  4970 | Sewer    | Found a viscous altar of Jiyva.
  6089 | D:3      | Noticed Terence
  6101 | D:3      | Killed Terence
  6626 | D:4      | Reached XP level 7. HP: 61/61 MP: 5/10
  6813 | D:4      | Found a staircase to the Ecumenical Temple.
  6824 | Temple   | Entered the Ecumenical Temple
  7104 | D:4      | Reached skill level 1 in Armour
  7313 | D:4      | Found a radiant altar of Vehumet.
  7316 | D:4      | Found a broken altar of Ashenzari.
  7574 | D:5      | Entered Level 5 of the Dungeon
  7666 | D:5      | Reached skill level 6 in Transmutations
  8199 | D:5      | Reached XP level 8. HP: 37/70 MP: 6/11
  9067 | D:5      | Identified the ring of Ariraamm {rC+ rN+++ Str-3 Int-4
                  | Stlth+}
  9163 | D:5      | Noticed a +0 hand axe
  9164 | D:5      | Found a hide-covered altar of Uskayaw.
  9164 | D:5      | Noticed a +0 dagger
  9663 | D:6      | Reached skill level 5 in Unarmed Combat
 10501 | D:6      | Reached skill level 7 in Transmutations
 10501 | D:6      | Reached XP level 9. HP: 37/79 MP: 6/15
 10868 | D:6      | Learned a level 4 spell: Ice Form
 11027 | D:6      | Found a hazy altar of Hepliaklqana.
 11082 | D:6      | Reached skill level 5 in Fighting
 11655 | D:6      | Noticed Duvessa
 11655 | D:6      | Noticed Dowan
 11670 | D:6      | Killed Duvessa
 11682 | D:6      | Killed Dowan
 11982 | D:6      | Learned a level 4 spell: Olgreb's Toxic Radiance
 12108 | D:7      | Reached skill level 5 in Poison Magic
 12713 | D:7      | Reached skill level 1 in Earth Magic
 13055 | D:7      | Reached skill level 5 in Spellcasting
 13596 | D:7      | Reached skill level 1 in Ice Magic
 14123 | D:7      | Found an iron altar of Okawaru.
 14129 | D:7      | Found a shimmering blue altar of Sif Muna.
 14304 | D:7      | Found a stormy altar of Qazlal.
 14540 | D:8      | Found a shadowy altar of Dithmenos.
 14570 | D:7      | Reached XP level 10. HP: 28/91 MP: 1/17
 15019 | D:8      | Found a snail-covered altar of Cheibriados.
 15019 | D:8      | Found an opulent altar of Gozag.
 15028 | D:8      | Became a worshipper of Cheibriados the Contemplative
 15066 | D:8      | Reached skill level 8 in Transmutations
 15791 | D:8      | Found a basalt altar of Yredelemnul.
 15920 | D:8      | Noticed a gargoyle
 15927 | D:8      | Killed a gargoyle
 16040 | D:8      | Found an ornate altar of the Wu Jian Council.
 16170 | D:9      | Noticed a death yak
 16185 | D:9      | HP: 5/109 [death yak (25)]
 16186 | D:9      | Slain by a death yak

Illustrated notes

Levels and vault maps discovered:
D:1:      roderic_octagonal_star, layout_basic
D:2:      layout_loops_corners, basic_altar, uniq_jessica
D:3:      layout_basic, cheibrodos_sewer_entry_sluice, minmay_misc_feat_encased,
          uniq_terence, uniq_ijyb
D:4:      layout_basic, nicolae_overflow_squiral,
          minmay_temple_entry_proselytizer, palyth_stone_intersect
D:5:      layout_basic, dancing_weapons_uskayaw
D:6:      layout_basic, nicolae_overflow_crystal_walls,
          hangedman_decor_slide_cut, small_statue_intersection, uniq_duvessa
D:7:      layout_basic, kennysheep_little_box, overflow_temple_1_default,
          nicolae_overflow_hidden_temple, hangedman_decor_growths
D:8:      layout_basic, mainiacjoe_overflow_concentric_impassable,
          nicolae_dithmenos_the_darkroom,
          chequers_temple_overflow_statue_of_worship, kennysheep_mini_moat,
          hangedman_abyss_or_decor_slice
D:9:      layout_layer_cave, dpeg_lair_monsters, orc_0_dummy, uniq_harold
Temple:   eino_wide_crystal_templ

Skill      XL: |  1  2  3  4  5  6  7  8  9 10 |
---------------+-------------------------------+-----
Transmutations | 3 4 5 6 7 8 |  8.3
Poison Magic   | 2 3 5 6 |  6.9
Fighting       | 2 3 4 6 |  6.1
Armour         | 1 |  1.0
Unarmed Combat | 4 5 |  5.4
Dodging        | 2 3 |  3.5
Spellcasting   | 4 5 |  5.8
Earth Magic    | 2 |  2.2
Ice Magic      | 1 |  1.0

Action                   |  1- 3 |  4- 6 |  7- 9 | 10-12 || total
-------------------------+-------+-------+-------+-------++-------
Melee: Unarmed           |    92 |   247 |   359 |    65 ||   763
       Headbutt          |     7 |    14 |     2 |     1 ||    24
       Punch             |     1 |     1 |       |       ||     2
 Cast: Beastly Appendage |    17 |    14 |     4 |     5 ||    40
       Spider Form       |     1 |    17 |    48 |     3 ||    69
       Poisonous Vapours |       |     1 |    25 |       ||    26
       Olgreb's Toxic Ra |       |       |    10 |     2 ||    12
       Ice Form          |       |       |     1 |     9 ||    10
 Abil: Spit Poison       |    23 |    18 |     6 |       ||    47
Evoke: Wand              |       |       |     1 |       ||     1
  Use: Potion            |       |     2 |     4 |     1 ||     7
       Scroll            |       |     2 |     5 |     2 ||     9
 Stab: Sleeping          |       |     2 |       |       ||     2
       Invisible         |       |     1 |       |       ||     1
Armor: Robe              |    16 |    16 |       |       ||    32
       Skin              |       |     5 |    29 |     5 ||    39
       Leather armour    |       |    13 |    10 |     1 ||    24
Dodge: Dodged            |    53 |   131 |   287 |    41 ||   512
